 Dungeon Crawl Stone Soup version 0.18-a0-888-gdb73dea (webtiles) character file.

42 Levianaught the Cudgeler (level 3, -2/46 HPs)
             Began as a Minotaur Berserker on Dec 23, 2015.
             Was a Believer of Trog.
             Slain by a gnoll
             ... wielding a +0 flail
              (9 damage)
             ... on level 2 of the Dungeon.
             The game lasted 00:01:50 (728 turns).

Levianaught the Cudgeler (Minotaur Berserker)        Turns: 728, Time: 00:01:51

Health: -2/46      AC:  2    Str: 27    XL:     3   Next: 35%
Magic:  2/2        EV: 14    Int:  4    God:    Trog [**....]
Gold:   116        SH:  0    Dex:  9    Spells: 0 memorised, 2 levels left

rFire  . . .     SeeInvis .     a - +0 mace
rCold  . . .     Gourm    .     b - +0 animal skin
rNeg   . . .     Faith    .     (no shield)
rPois  .         Spirit   .     (helmet restricted)
rElec  .         Dismiss  .     (no cloak)
rCorr  .         Reflect  .     (no gloves)
SustAt .         Harm     .     (no boots)
MR     .....                    (no amulet)
Stlth  ..........               (no ring)
                                g - +2 ring of evasion

@: berserking, very quick, not resistant to hostile enchantments, extremely
unstealthy
A: retaliatory headbutt, horns 2
a: Berserk, Trog's Hand, Burn Spellbooks, Renounce Religion


You were on level 2 of the Dungeon.
You worshipped Trog.
Trog was pleased with you.
You were not hungry.

You visited 1 branch of the dungeon, and saw 2 of its levels.

You collected 116 gold pieces.

Inventory:

Hand Weapons
 a - a +0 mace (weapon)
Armour
 b - a +0 animal skin (worn)
Jewellery
 g - a +2 ring of evasion (left hand)
Scrolls
 d - a scroll of random uselessness {unknown}
 e - a scroll of enchant weapon {unknown}
 h - a scroll of identify {unknown}
 i - a scroll of remove curse {unknown}
 j - 2 scrolls of teleportation {unknown}
 m - a scroll of blinking {unknown}
Potions
 k - a potion of cure mutation {unknown}
 l - a potion of mutation {unknown}
Comestibles
 c - a bread ration


   Skills:
 - Level 3.6 Fighting
 - Level 3.6 Maces & Flails
 - Level 2.4 Armour
 - Level 2.1 Dodging
 + Level 3.4 Unarmed Combat


You had 2 spell levels left.
You didn't know any spells.

Dungeon Overview and Level Annotations

Branches:
Dungeon (2/15)

Altars:


Innate Abilities, Weirdness & Mutations

You reflexively headbutt those who attack you in melee.
You have a pair of horns on your head.


Message History

You sock the gnoll!
You kill the gnoll!
Trog accepts your kill.
You can now call upon Trog for regeneration and protection from hostile enchantments.
Your Unarmed Combat skill increases to level 3!
You have reached level 3!
Your experience leads to an increase in your attributes!
Your base attributes are Str 21, Int 4, Dex 9.
Increase (S)trength, (I)ntelligence, or (D)exterity?
You feel stronger.
You hit the gnoll. You headbutt the gnoll.
The gnoll is heavily wounded.
The gnoll misses you.
You thump the gnoll!
You kill the gnoll!
Trog accepts your kill.
You barely miss the gnoll. The gnoll hits you with a flail.
* * * LOW HITPOINT WARNING * * *
You closely miss the gnoll. The gnoll hits you with a flail!
You die...

#### #.###### #.... #.# #....
#########.# #.....
#.......#.# ......#####
#.......#.# #.........#
#.......#.# #.........#
#.......#.#
...##....$####.......#.######
.........Sg@.........>......
...##.....g#######.##########
###........# #.........#.
#........# #.#######.#.
#....#.#.# #.# #.#.
#....#.#.# #.# #.#.
...###.#.# #.. #.#. ... #....
#.# #.## #.# #.#.


You could see a gnoll, an adder and a goblin.

Vanquished Creatures
  2 gnolls (D:2)
  A worm (D:2)
  A goblin (D:1)
  A hobgoblin (D:1)
  4 bats (D:1)
  A giant cockroach (D:2)
  3 giant newts (D:1)
  6 jackals (D:1)
  A kobold (D:2)
  3 rats (D:1)
23 creatures vanquished.

Notes
Turn   | Place    | Note
--------------------------------------------------------------
     0 | D:1      | Levianaught the Minotaur Berserker began the quest for the Orb.
     0 | D:1      | Reached XP level 1. HP: 19/19 MP: 0/0
    62 | D:1      | Reached skill level 1 in Unarmed Combat
   131 | D:1      | Reached XP level 2. HP: 23/26 MP: 1/1
   724 | D:2      | Reached ** piety under Trog
   724 | D:2      | Reached XP level 3. HP: 11/31 MP: 2/2
   728 | D:2      | Slain by a gnoll

Vault maps used:
D:1:      dpeg_arrival_rooms_c
D:2:      lemuel_blue_sif_altar, kennysheep_flooded_box, minivault_23

Action                   || total
-------------------------++-------
Melee: Mace              ||    47
Invok: Berserk           ||     1
